 Dungeon Crawl Stone Soup version 0.22-a0-91-g23542c2 (webtiles) character file.

231 KristoblXynda the Insei (level 5, -1/36 HPs)
             Began as a Draconian Transmuter on Jan 22, 2018.
             Was a Believer of Hepliaklqana.
             Slain by KristoblXynda's ghost (6 damage)
             ... on level 4 of the Dungeon.
             The game lasted 00:05:21 (3017 turns).

KristoblXynda the Insei (Draconian Transmuter)      Turns: 3017, Time: 00:05:22

Health: -1/36      AC:  7    Str: 12    XL:     5   Next: 72%
Magic:  8/8        EV: 12    Int: 14    God:    Hepliaklqana [**....]
Gold:   185        SH:  0    Dex: 12    Spells: 4/8 levels left

rFire    . . .     SeeInvis .     - Unarmed
rCold    . . .     Gourm    .   (no shield)
rNeg     . . .     Faith    .   (armour unavailable)
rPois    .         Spirit   .   (helmet restricted)
rElec    .         Reflect  .   n - +0 cloak
rCorr    .         Harm     .   a - +0 pair of gloves
MR       .....                  (no boots)
Stlth    +.........             h - amulet of regeneration
HPRegen  0.52/turn              (no ring)
MPRegen  0.11/turn              (no ring)

@: no status effects
A: unfitting armour, reduced essence, cold-blooded, AC +5
a: Recall Ancestor, Ancestor Identity, Renounce Religion


You were on level 4 of the Dungeon.
You worshipped Hepliaklqana.
Hepliaklqana was pleased with you.
You were not hungry.

You visited 1 branch of the dungeon, and saw 4 of its levels.

You collected 185 gold pieces.

Inventory:

Armour
 a - a +0 pair of gloves (worn)
 n - a +0 cloak (worn)
Jewellery
 h - an amulet of regeneration (around neck)
Scrolls
 d - 3 scrolls of blinking
 g - 3 scrolls of remove curse
 j - a scroll of teleportation {unknown}
 k - a scroll of amnesia
 l - a scroll of magic mapping {unknown}
 p - a scroll of fog {unknown}
 q - a scroll of enchant armour {unknown}
Potions
 e - a potion of brilliance {unknown}
 f - a potion of haste
 m - a potion of lignification {unknown}
Books
 b - a book of Changes

   Spells                             Type                      Level
   a - Beastly Appendage              Transmutation                1
   b - Sticks to Snakes               Transmutation                2
   c - Spider Form                    Transmutation/Poison         3
   d - Ice Form                       Ice/Transmutation            4
   e - Blade Hands                    Transmutation                5
Comestibles
 c - 3 rations
 o - 3 chunks of flesh


   Skills:
 - Level 1.1 Fighting
 - Level 2.0 Dodging
 * Level 5.4 Unarmed Combat
 - Level 2.0 Spellcasting
 + Level 3.8 Transmutations


You had 4 spell levels left.
You knew the following spells:

 Your Spells              Type           Power        Failure   Level  Hunger
a - Beastly Appendage     Tmut           ##....       4%          1    ##.....
b - Spider Form           Tmut/Pois      #.........   32%         3    ####...


Dungeon Overview and Level Annotations

Branches:
Dungeon (4/15)
 Temple: D:4-7

Altars:
Dithmenos
Gozag
Hepliaklqana
Kikubaaqudgha
Wu Jian

Annotations:
D:4 KristoblXynda's ghost, novice DrMo


Innate Abilities, Weirdness & Mutations

Your plain brown scales are hard. (AC +5)
You cannot fit into any form of body armour.
You are cold-blooded and may be slowed by cold attacks.
Your life essence is reduced to manifest your ancestor. (-10% HP)


Message History

You barely miss KristoblXynda's ghost.
KristoblXynda's ghost is almost destroyed.
Mira hits KristoblXynda's ghost but does no damage.
KristoblXynda's ghost hits you.
* * * LOW HITPOINT WARNING * * *
You barely miss KristoblXynda's ghost.
KristoblXynda's ghost is almost destroyed.
Mira casts a spell at KristoblXynda's ghost.
KristoblXynda's ghost appears confused.
KristoblXynda's ghost hits you.
* * * LOW HITPOINT WARNING * * *
Unknown command.
Mira hits KristoblXynda's ghost but does no damage.
KristoblXynda's ghost hits Mira!
Mira barely misses KristoblXynda's ghost.
You barely miss KristoblXynda's ghost.
KristoblXynda's ghost is almost destroyed.
You hit KristoblXynda's ghost but do no damage.
KristoblXynda's ghost is almost destroyed.
KristoblXynda's ghost hits you.
You die...

..............#.#
..............#.#
..............#.#
######..##.R....#
##>##.....##
#.####'#.# ..#
#.#R#############
..#
#.#W#...........#
...#
#.#@#.#########.####
#.#.#.# #........
#.#.#.# ###........
#.#.#.# #..........
#.#.####.#........
#.#....R.+........
#.######(#........
#.............####
#.######.######


You could see the friendly Mira the hexer and KristoblXynda's ghost (confused).

Vanquished Creatures
  An ogre (D:4)
  A howler monkey (D:4)
  4 adders
  2 worms (D:2)
  2 dart slugs
  3 leopard geckos
  2 orcs
  3 giant cockroaches
  6 goblins
  A hobgoblin (D:1)
  5 jackals (D:1)
  A quokka (D:2)
  3 ball pythons
  8 bats
  3 frilled lizards
  6 kobolds
  A quokka skeleton (D:4)
  5 rats
57 creatures vanquished.

Vanquished Creatures (collateral kills)
  A worm (D:2)
  A giant cockroach (D:3)
  A goblin (D:2)
  A quokka (D:3)
4 creatures vanquished.

Grand Total: 61 creatures vanquished

Notes
Turn   | Place    | Note
-------+----------+-------------------------------------------
     0 | D:1      | KristoblXynda the Draconian Transmuter began the quest for the Orb.
     0 | D:1      | Reached XP level 1. HP: 16/16 MP: 3/3
   102 | D:1      | Reached XP level 2. HP: 13/23 MP: 5/5
   503 | D:1      | Reached XP level 3. HP: 28/28 MP: 6/6
   508 | D:1      | Learned a level 3 spell: Spider Form
  1026 | D:2      | Found a hazy altar of Hepliaklqana.
  1046 | D:2      | Became a worshipper of Hepliaklqana the Forgotten
  1515 | D:2      | Reached skill level 4 in Unarmed Combat
  1576 | D:2      | Reached * piety under Hepliaklqana
  2316 | D:3      | Reached XP level 4. HP: 31/31 MP: 7/7
  2325 | D:3      | Found a shadowy altar of Dithmenos.
  2325 | D:3      | Found an opulent altar of Gozag.
  2325 | D:3      | Found an ornate altar of the Wu Jian Council.
  2326 | D:3      | Found an ancient bone altar of Kikubaaqudgha.
  2403 | D:3      | Reached ** piety under Hepliaklqana
  2895 | D:4      | Remembered your ancestor Mira as a hexer
  2921 | D:4      | Reached XP level 5. HP: 35/36 MP: 8/8
  2924 | D:4      | Noticed an ogre
  2933 | D:4      | Killed an ogre
  2933 | D:4      | Reached skill level 5 in Unarmed Combat
  2959 | D:4      | Noticed KristoblXynda's ghost (novice DrMo)
  3017 | D:4      | Slain by KristoblXynda's ghost

Vault maps used:
D:1:      tarquinn_simple_flora_water_c
D:2:      lemuel_crystal_altar
D:3:      chequers_temple_overflow_statue_of_worship, saegor_snake_ambush
D:4:      old_standard_altar, first_ration

Skill      XL: |  1  2  3  4  5 |
---------------+----------------+-----
Dodging        | 2 |  2.0
Unarmed Combat | 4 5 |  5.4
Transmutations | 3 |  3.8
Fighting       | |  1.1
Spellcasting   | |  2.0

Action                   |  1- 3 |  4- 6 || total
-------------------------+-------+-------++-------
Melee: Unarmed           |   199 |   107 ||   306
       Tailslap          |    15 |    10 ||    25
       Headbutt          |     2 |       ||     2
       Punch             |     1 |       ||     1
 Cast: Beastly Appendage |     1 |       ||     1
Invok: Ancestor Life: He |       |     1 ||     1
  Use: Scroll            |     5 |     1 ||     6
       Potion            |       |     1 ||     1
 Stab: Sleeping          |     2 |       ||     2
  Eat: Chunk             |     2 |       ||     2
       Ration            |     1 |     1 ||     2
Armor: Skin              |   104 |    26 ||   130
Dodge: Dodged            |   147 |    64 ||   211

Table legend:
 A = Spawn XP
 B = Non-spawn XP
 C = Spawn XP percentage of total XP
 D = Spawn monster count
 E = Non-spawn monster count
 F = Spawn count percentage of total count
 G = Total turns spent on level
                    A         B        C        D         E        F      G
               +---------+---------+-------+---------+---------+-------+---------
         Total |       0 |     330 |   0.0 |       0 |      61 |   0.0 |  3017
               +---------+---------+-------+---------+---------+-------+---------
           D:1 |       0 |      47 |   0.0 |       0 |      28 |   0.0 |   909
           D:2 |       0 |      29 |   0.0 |       0 |      11 |   0.0 |  1211
           D:3 |       0 |      63 |   0.0 |       0 |      16 |   0.0 |   707
           D:4 |       0 |     191 |   0.0 |       0 |       6 |   0.0 |   190
               +---------+---------+-------+---------+---------+-------+---------
